 Dungeon Crawl Stone Soup version 0.28.0-53-g5a82cb258f (webtiles) character file.

Game seed: 17668459048953729717

4 Descartes the Grasshopper (level 1, -2/10 HPs)
             Began as a Felid Wanderer on July 24, 2022.
             Slain by a kobold
             ... wielding a +0 short sword
              (6 damage)
             ... on level 1 of the Dungeon.
             The game lasted 00:00:56 (285 turns).

Descartes the Grasshopper (Felid Wanderer)           Turns: 285, Time: 00:00:56

Health: -2/10      AC:  1    Str:  5    XL:     1   Next: 58%
Magic:  3/3        EV: 15    Int: 18    God:
Gold:   0          SH:  0    Dex: 13    Spells: 1/2 levels left
                                        Lives:  0   Deaths: 0

rFire   . . .      SeeInvis +   (weapon unavailable)
rCold   . . .      Faith    .   (shield unavailable)
rNeg    . . .      Spirit   .   (armour unavailable)
rPois   .          Reflect  .   (helmet unavailable)
rElec   .          Harm     .   (cloak unavailable)
rCorr   .          Rampage  .   (gloves unavailable)
Will    .....                   (boots unavailable)
Stlth   ++........              (no amulet)
HPRegen 0.03/turn               (no ring)
MPRegen 0.08/turn               (no ring)

@: quick
A: very small, claws 1, fangs 3, see invisible, speed 1, shaggy fur 1, stealthy
paws, no weapons or thrown items, no armour, multi-lived
a: no special abilities


You were on level 1 of the Dungeon.
You visited 1 branch of the dungeon, and saw 1 of its levels.

Inventory:

Scrolls
 a - a scroll of teleportation


   Skills:
 - Level 3.0 Fighting
 * Level 0.6 Dodging
 * Level 1.7 Stealth
 + Level 0.1 Unarmed Combat
 - Level 1.0 Spellcasting
 + Level 4.4 Translocations
 + Level 1.1 Transmutations
 + Level 1.2 Evocations


You had one spell level left.
You knew the following spells:

 Your Spells              Type           Power      Damage    Failure   Level
a - Apportation           Tloc           32%        N/A       3%          1

Your spell library contained the following spells:

 Spells                   Type           Power      Damage    Failure   Level
 Animate Skeleton         Necr           0%         N/A       21%         1
 Pain                     Necr           0%         1d4       21%         1
 Lesser Beckoning         Tloc           16%        N/A       10%         3
 Wereblood                Tmut           5%         N/A       19%         2
 Passwall                 Tmut/Erth      2%         N/A       24%         2
 Passage of Golubria      Tloc           16%        N/A       32%         4
 Vampiric Draining        Necr           0%         2d6       52%         3


Dungeon Overview and Level Annotations

Branches:
Dungeon (1/15)

Altars:


Innate Abilities, Weirdness & Mutations

You have sharp claws.
You have razor-sharp teeth.
You have supernaturally acute eyesight. (SInv)
You cover ground quickly. (Speed+)
You are covered in fur. (AC +1)
Your paws help you pounce on unaware monsters.
You are incapable of wielding weapons or throwing items.
You cannot wear armour.
You gain extra lives every three experience levels.


Message History

You open the door.
There is an open door here.
Found a stone staircase leading down.
Found 5 atropa-tipped darts.
A kobold comes into view. It is wielding a +0 short sword.
The kobold shouts!
The kobold barely misses you.
You scratch the kobold but do no damage.
Your claw misses the kobold. The kobold closely misses you.
You scratch the kobold.
The kobold is moderately wounded.
The kobold barely misses you.
You scratch the kobold but do no damage.
The kobold is moderately wounded.
The kobold barely misses you.
A goblin comes into view. It is wielding a +0 club.
You miss the kobold.
The kobold is moderately wounded.
The kobold barely misses you.
The goblin shouts!
You scratch the kobold but do no damage.
The kobold is moderately wounded.
The kobold closely misses you.
You closely miss the kobold.
The kobold is moderately wounded.
The kobold hits you with a +0 short sword.
You scratch the kobold but do no damage.
The kobold is moderately wounded.
The kobold hits you with a +0 short sword.
You are too injured to fight recklessly!
You are too injured to fight recklessly!
You are too injured to fight recklessly!
You are too injured to fight recklessly!
You are too injured to fight recklessly!
There are monsters nearby!
You scratch the kobold. Your bite misses the kobold.
The kobold is severely wounded.
The kobold hits you with a +0 short sword.
Ouch! That really hurt!
You die...

..........###
...........#.......
.(....#....#.##..#.
..>.......#.......
#....... #####...
#....#. ##.. #....## ###
...#####$....###########
.....gK@................
....####....##.#########
≈ ........##..#####
..##########.#...#
#.....#
#########'#######
.........#.≈≈≈≈≈≈
########.#≈......
#.#≈.#..†.


You could see a goblin and a kobold.

Vanquished Creatures
  A bat (D:1)
  An endoplasm (D:1)
  A giant cockroach (D:1)
  A rat (D:1)
4 creatures vanquished.

Notes
Turn   | Place    | Note
-------+----------+-------------------------------------------
     0 | D:1      | Descartes the Felid Wanderer began the quest for the Orb.
     0 | D:1      | Descartes set off with the following items: a scroll of
                  | teleportation; and the following spell memorised:
                  | Apportation; and the following spells available to
                  | memorise: Lesser Beckoning, Wereblood, Passwall, Passage of
                  | Golubria
     0 | D:1      | Reached XP level 1. HP: 10/10 MP: 3/3
   285 | D:1      | Slain by a kobold

Illustrated notes

Levels and vault maps discovered:
D:1:      tarquinn_simple_flora_water_e, layout_rooms,
          hellmonk_ecumenical_altar_pennies_from_heaven,
          kennysheep_pointless_box

Action                   || total
-------------------------++-------
Melee: Unarmed           ||    31
 Stab: Sleeping          ||     2
Armor: Skin              ||     2
Dodge: Dodged            ||    22
